 Dungeon Crawl Stone Soup version 0.30.0-30-g96aa6591b8 (webtiles) character file.

Game seed: 5971856853203846326

1030 Fecro the Covert (level 8, -3/39 HPs)
             Began as a Spriggan Brigand on June 26, 2023.
             Slain by Duvessa
             ... wielding a +2 short sword of holy wrath
              (20 damage)
             ... on level 5 of the Dungeon.
             The game lasted 00:29:29 (6849 turns).

Fecro the Covert (Spriggan Brigand)                 Turns: 6849, Time: 00:29:31

Health: -3/39      AC:  2    Str:  7    XL:     8   Next: 3%
Magic:  9/9        EV: 20    Int: 13    God:
Gold:   204        SH:  0    Dex: 18    Spells: 7/7 levels left

rFire   + . .        a - +2 dagger
rCold   . . .        (no shield)
rNeg    . . .        b - +0 robe
rPois   .            (helmet restricted)
rElec   .            x - scarf {shadows}
rCorr   .            (gloves unavailable)
SInv    +            (boots unavailable)
Will    +....        (no amulet)
Stlth   +++++        g - ring of fire
HPRegen 0.26/turn    j - ring of protection from cold
MPRegen 0.11/turn

%: no passive effects
@: very quick
A: very small, no large weapons, unfitting armour, see invisible, speed 3
a: no special abilities


You were on level 5 of the Dungeon.
You visited 1 branch of the dungeon, and saw 6 of its levels.

You collected 228 gold pieces.
You spent 24 gold pieces at shops.

Inventory:

Hand Weapons
 a - a +2 dagger (weapon)
 G - a +0 sling
Missiles
 d - a poisoned dart
 h - 59 stones
 s - a boomerang (quivered)
Armour
 b - a +0 robe (worn)
 c - a +0 cloak
 x - a scarf of shadows (worn)
Jewellery
 g - a ring of fire (left hand)
 j - a ring of protection from cold (right hand)
 o - a +6 ring of intelligence
Wands
 t - a wand of polymorph (11)
 w - a wand of mindburst (11)
 A - a wand of digging (6)
Scrolls
 f - 2 scrolls of magic mapping
 l - a scroll of silence
 m - 2 scrolls of noise
 n - a scroll of enchant armour
 q - a scroll of teleportation
 u - a scroll of blinking
 v - a scroll of brand weapon
 z - a scroll of vulnerability {unknown}
 D - a scroll of immolation {unknown}
 F - 3 scrolls of poison
Potions
 i - a potion of lignification {unknown}
 k - a potion of mutation {unknown}
 p - a potion of flight {unknown}
 r - 2 potions of heal wounds {unknown}
 B - a potion of cancellation {unknown}
 C - a potion of brilliance {unknown}
 E - 2 potions of curing {unknown}


   Skills:
 + Level 2.2 Fighting
 + Level 4.4 Short Blades
 + Level 4.0 Throwing
 * Level 5.2 Dodging
 + Level 11.4 Stealth


You had 7 spell levels left.
You didn't know any spells.
Your spell library contained the following spells:

 Spells                   Type           Power      Damage    Failure   Level
 Cigotuvi's Dreadful Rot  Necr/Pois/Air  0%         N/A       43%         2
 Dispel Undead            Necr           0%         3d6       97%         4
 Death Channel            Necr           0%         N/A       100%        6
 Simulacrum               Ice/Necr       0%         N/A       100%        6
 Ozocubu's Refrigeration  Ice            0%         4d7       100%        7
 Polar Vortex             Ice            0%         N/A       100%        9


Dungeon Overview and Level Annotations

Branches:
Dungeon (6/15)
 Temple: D:4-7

Altars:
Elyvilon
Nemelex Xobeh
The Shining One

Shops:
D:2 !?=   D:6 *

Annotations:
D:5 Duvessa


Innate Abilities, Weirdness & Mutations

You are very small and have problems with some larger weapons.
You are too small for most types of armour.
You have supernaturally acute eyesight. (SInv)
You cover ground extremely quickly. (Speed+++)


Message History

a - a +2 dagger (weapon)
There is a stone staircase leading down here.
You throw a poisoned dart. The poisoned dart hits Duvessa.
Duvessa is poisoned.
Duvessa is heavily wounded.
There is a stone staircase leading up here.
Duvessa rages.
Duvessa rages.
Duvessa looks more healthy.
Aiming: Mindburst
Press: ? - help, Q - select action, (/) - cycle Shift-Dir - straight line, f/p - Duvessa
Aim: Duvessa, wielding a +2 short sword of holy wrath, wearing a +0 leather armour and carrying a wand of roots (8) (heavily wounded, berserk, chance to affect: 47%) Duvessa resists with some effort.
Duvessa rages.
There is a stone staircase leading down here.
You see here a poisoned dart.
Aiming: Mindburst
Press: ? - help, Q - select action, (/) - cycle Shift-Dir - straight line, f/p - Duvessa
Aim: Duvessa, wielding a +2 short sword of holy wrath, wearing a +0 leather armour and carrying a wand of roots (8) (heavily wounded, berserk, chance to affect: 47%) Duvessa resists with some effort.
Duvessa hits you with a +2 short sword of holy wrath!
There is a stone staircase leading up here.
Duvessa rages.
Duvessa rages.
There is a stone staircase leading down here.
Duvessa rages.
Duvessa rages.
Duvessa rages.
You see here a poisoned dart.
You throw a boomerang. The boomerang closely misses Duvessa.
Duvessa misses you.
There is a stone staircase leading up here.
You throw a boomerang. The boomerang barely misses Duvessa.
Duvessa closely misses you.
You hit Duvessa.
Duvessa is heavily wounded.
Duvessa hits you with a +2 short sword of holy wrath!!
Ouch! That really hurt!
Duvessa hits you with a +2 short sword of holy wrath!!
Ouch! That really hurt!
You die...

.## #####.......>#..## #########
.# #...####.###.#..# #.......#
.## ###.# #.# #....#####........
..# #.# ### #.#.....##..####.#
P.# #.# ####(#[#.#.....# #.#
..#####.#####....#...#.##..####.#
.##........##.##.###.#..........#
.#.#####.#.##.##e#......<....####
.......#.#.##...@##^.........####
.......#...####..##.#.##.##......
.......##### #......#..........##
.......# ####.######.##..#...#.#
.......####....# #.......#.#..
.......#....#### #.#.#.#.....#
##.####..#### ###..........
#######.## ##...#...#.# ..###...#
###..##.......


You could see Duvessa (berserk).

Vanquished Creatures
  Edmund (D:4)
  An ogre (D:5)
  2 phantoms (D:5)
  A bullfrog (D:4)
  Dowan (D:6)
  A jelly (D:5)
  3 hounds
  Ijyb (D:4)
  Jessica (D:3)
  A sleepcap (D:5)
  Terence (D:2)
  3 orc wizards (D:6)
  2 iguanas
  4 gnolls
  4 adders
  A shadow imp (D:5)
  3 ufetubi
  2 worms
  3 dart slugs
  21 orcs
  4 ball pythons
  10 endoplasms
  11 goblins
  7 hobgoblins
  8 jackals
  2 kobolds
  3 quokkas
  9 bats
  3 frilled lizards
  9 rats
123 creatures vanquished.

Notes
Turn   | Place    | Note
-------+----------+-------------------------------------------
     0 | D:1      | Fecro the Spriggan Brigand began the quest for the Orb.
     0 | D:1      | Reached XP level 1. HP: 10/10 MP: 2/2
    34 | D:1      | Reached skill level 6 in Stealth
   169 | D:1      | Reached XP level 2. HP: 8/14 MP: 3/3
   372 | D:1      | Reached skill level 7 in Stealth
   414 | D:1      | Found a faded altar of an unknown god.
   432 | D:1      | Reached XP level 3. HP: 18/18 MP: 4/4
   887 | D:2      | Found Avadehuhob's Jewellery Shoppe.
   921 | D:2      | Noticed Terence
   924 | D:2      | Killed Terence
   938 | D:2      | Reached XP level 4. HP: 22/22 MP: 5/5
  1245 | D:2      | Reached skill level 8 in Stealth
  1370 | D:2      | Found Umirox's Distillery.
  1744 | D:2      | Found Hikhelut's Magic Scroll Shoppe.
  1748 | D:2      | Bought a scroll of identify for 24 gold pieces
  2566 | D:3      | Noticed Jessica
  2571 | D:3      | Killed Jessica
  2572 | D:3      | Reached XP level 5. HP: 26/26 MP: 6/6
  3226 | D:4      | Reached skill level 9 in Stealth
  3264 | D:4      | Found a glowing golden altar of the Shining One.
  3640 | D:4      | Reached XP level 6. HP: 20/30 MP: 7/7
  3895 | D:4      | Noticed Edmund
  3899 | D:4      | Killed Edmund
  3900 | D:4      | Reached skill level 10 in Stealth
  4072 | D:4      | Noticed Ijyb
  4079 | D:4      | Killed Ijyb
  4471 | D:5      | Entered Level 5 of the Dungeon
  4528 | D:5      | Reached XP level 7. HP: 35/35 MP: 8/8
  4946 | D:5      | Found a white marble altar of Elyvilon.
  5430 | D:5      | Reached skill level 11 in Stealth
  5867 | D:6      | Found a sparkling altar of Nemelex Xobeh.
  6299 | D:6      | Found Wyeck's Assorted Antiques.
  6352 | D:6      | Reached skill level 5 in Dodging
  6412 | D:6      | Noticed Dowan
  6413 | D:6      | Noticed Duvessa
  6418 | D:6      | Killed Dowan
  6419 | D:6      | Reached XP level 8. HP: 39/39 MP: 9/9
  6849 | D:5      | Slain by Duvessa

Illustrated notes

Levels and vault maps discovered:
D:1:      amcnicky_arrival_flooded_fountain, layout_loops_ring,
          dreamdust_ecumenical_altar_statues, glass_columns_a
D:2:      layout_loops_corners, serial_shops, nicolae_shop_statue_plus, shop,
          nicolae_shop_peninsula, uniq_terence
D:3:      layout_basic, serial_rivers, chequers_serial_rivers_room_a,
          chequers_serial_rivers_small_3, chequers_serial_rivers_micro_a,
          chequers_serial_rivers_room_b, chequers_serial_rivers_room_b,
          chequers_serial_rivers_micro_d, uniq_jessica
D:4:      layout_basic, general_overflow_altar, uniq_edmund, uniq_ijyb
D:5:      wad_lake_hut, layout_basic, elyvilon_altar_1
D:6:      layout_layer_cave, nemelex_xobeh_ov_fountains_minmay,
          minmay_temple_entry_poolview, serial_shops, shop, uniq_duvessa

Skill      XL: |  1  2  3  4  5  6  7 |
---------------+----------------------+-----
Stealth        | 6 7 8 9 10 11 | 11.4
Dodging        | 2 3 5 |  5.2
Short Blades   | 3 4 |  4.4
Throwing       | 3 4 |  4.0
Fighting       | 2 |  2.2

Action                     |  1- 3 |  4- 6 |  7- 9 || total
---------------------------+-------+-------+-------++-------
  Melee: Dagger            |    78 |   171 |   177 ||   426
         Punch             |     2 |     1 |     5 ||     8
   Fire: Sling             |       |       |     3 ||     3
  Throw: Dart              |     2 |    12 |    18 ||    32
         Boomerang         |       |     3 |    19 ||    22
  Evoke: Wand              |       |       |     2 ||     2
    Use: Scroll            |       |     7 |     3 ||    10
   Stab: Sleeping          |    10 |    23 |     8 ||    41
         Distracted        |       |     1 |       ||     1
 Armour: Robe              |     7 |    18 |     9 ||    34
  Dodge: Dodged            |    43 |   114 |   133 ||   290
